 Dungeon Crawl Stone Soup version 0.19-a0-1170-g18f0c96 (webtiles) character file.

18058 Duffy the Protected (level 12, -13/98 HPs)
             Began as a Formicid Chaos Knight on Aug 18, 2016.
             Was a High Priest of Cheibriados.
             Killed from afar by a balrug (27 damage)
             ... with a fireball
             ... on level 1 of the Abyss.
             The game lasted 00:28:36 (12944 turns).

Duffy the Protected (Formicid Chaos Knight)        Turns: 12944, Time: 00:28:37

Health: -13/98     AC: 20    Str: 35 (37) XL:     12   Next: 90%
Magic:  4/18       EV: 17    Int: 26      God:    Cheibriados [*****.]
Gold:   781        SH: 15    Dex: 28      Spells: 3 memorised, 4 levels left

rFire  . . .     SeeInvis +     t - +10 spear "Bentiry" {flame, *Drain +Blink Int+5 Dex+4}
rCold  . . .     Gourm    .     r - +0 plate armour
rNeg   . . .     Faith    +     y - +0 shield
rPois  .         Spirit   .     (helmet unavailable)
rElec  .         Dismiss  .     p - +1 cloak
rCorr  .         Reflect  .     (no gloves)
MR     +....     Harm     .     K - +0 pair of boots {Fly}
Stlth  ..........               x - amulet of faith
                                D - +4 ring of dexterity
                                i - +2 ring of strength

@: flying, very slow
A: permanent stasis, dig shafts and tunnels, four strong arms, antennae 3, beak,
talons 1, iridescent scales 1, blurry vision 2, clumsy 1, deterioration 1, dopey
2, strong 1
a: Dig, Shaft Self, Bend Time, Temporal Distortion, Slouch, Step From Time,
Renounce Religion, Stop Flying


You were on level 1 of the Abyss.
You worshipped Cheibriados.
Cheibriados was extremely pleased with you.
You were completely stuffed.

You visited 4 branches of the dungeon, and saw 13 of its levels.
You visited the Abyss 1 time.
You also visited: Labyrinth.

You collected 781 gold pieces.

Inventory:

Hand Weapons
 e - a +0 dire flail
 f - a +0 blowgun
 t - the +10 spear "Bentiry" (weapon) {flame, *Drain +Blink Int+5 Dex+4}
   (You found it on level 4 of the Dungeon)

   It has been specially enchanted to burn those struck by it, causing extra
   injury to most foes and up to half again as much damage against particularly
   susceptible opponents.
   It affects your intelligence (+5).
   It affects your dexterity (+4).
   It lets you blink.
   It causes draining when unequipped.
 F - a +0 great mace of crushing
Missiles
 m - 36 poisoned needles
Armour
 p - a +1 cloak (worn)
 r - a +0 plate armour (worn)
 y - a +0 shield (worn)
 K - a +0 pair of boots of flying (worn)
Jewellery
 g - an uncursed ring of resist corrosion
 i - a +2 ring of strength (left hand)
 x - an amulet of faith (around neck)
 D - a +4 ring of dexterity (right hand)
Wands
 u - a wand of disintegration (20/24)
 A - a wand of teleportation (5/9)
 I - a wand of enslavement (13/24)
 J - a wand of iceblast (8/15)
Scrolls
 a - a scroll of summoning
 d - 2 scrolls of enchant armour
 q - 2 scrolls of recharging
 s - 3 scrolls of magic mapping
 w - 2 scrolls of fear
 z - a scroll of identify
Potions
 b - a potion of resistance
 h - 8 potions of curing
 j - 3 potions of magic
 k - a potion of ambrosia
Miscellaneous
 O - a phial of floods
Comestibles
 c - 10 bread rations
 l - 2 chunks of flesh
 o - 5 meat rations
 B - 4 fruits


   Skills:
 - Level 10.5 Fighting
   Level 4.4 Axes
 - Level 10.5 Armour
 + Level 8.9 Dodging
 - Level 9.5 Shields
 - Level 9.0 Invocations
 - Level 5.0 Evocations


You had 4 spell levels left.
You knew the following spells:

 Your Spells              Type           Power        Failure   Level  Hunger
a - Regeneration          Chrm/Necr      #.........   99%         3    ####...
b - Spectral Weapon       Hex/Chrm       #.......     99%         3    ####...
c - Apportation           Tloc           #.........   71%         1    ##.....


Dungeon Overview and Level Annotations

Branches:
Dungeon (10/15)            Temple (1/1) D:6            Lair (1/6) D:9
    Orc (1/2) D:9

Altars:
Ashenzari
Cheibriados
Dithmenos
Elyvilon
Fedhas
Gozag
Hepliaklqana
Kikubaaqudgha
Makhleb
Nemelex Xobeh
Okawaru
Pakellas
Qazlal
Ru
Sif Muna
Trog
Uskayaw
Vehumet
Xom
Yredelemnul
Zin
The Shining One

Shops:
D:6 %

Annotations:
Orc:1 Erolcha


Innate Abilities, Weirdness & Mutations

You are under a permanent stasis effect.
You can dig through walls and to a lower floor.
Your four strong arms can wield two-handed weapons with a shield.
You have a pair of large antennae on your head. (SInv)
You have a beak for a mouth.
You have sharp toenails.
You are partially covered in iridescent scales. (AC +2)
Scrolls take you longer to read.
You are clumsy. (Dex -2)
Your body sometimes deteriorates upon taking damage.
You are very dopey. (Int -4)
Your muscles are strong. (Str +2)


Message History

The fireball engulfs the balrug.
The balrug completely resists.
Attack whom?
Press: ? - help, Dir - move target cursor, f - balrug
Aim: a balrug, wielding a demon whip of flaming (severely wounded)
You hit the balrug. You peck the balrug, but do no damage.
The balrug is severely wounded.
You block the balrug's attack. The balrug gestures at you.
The fireball explodes!
The fireball engulfs you!
* * * LOW HITPOINT WARNING * * *
The fireball engulfs the balrug.
The balrug completely resists.
Attack whom?
Press: ? - help, Dir - move target cursor, f/p - balrug
Aim: a balrug, wielding a demon whip of flaming (severely wounded)
You closely miss the balrug.
The balrug is severely wounded.
The balrug gestures at you.
The fireball explodes!
The fireball engulfs you!
You die...
Xom chortles!

# . # # {
## { .#{
##.# { .
...#######
# #.#
#.2รท.#..##
.
##...#@#.#
. .# #.#
##2.# # . .
#.........#
# ####
.#.#.#
.#....# .
..#.#...
#.#
..##.... ..
.# .... ...
. . .###


You could see a balrug.

Vanquished Creatures
  A tentacled starspawn (Abyss:1)
  A black draconian (Abyss:1)
  A minotaur (Lab)
  A hill giant (D:10)
  A worldbinder (Abyss:1)
  2 centaur zombies (D:10)
  The ghost of bullock the Fighter, a novice DsWn of Makhleb (D:7)
  A smoke demon (Abyss:1)
  3 spiny frogs (Lair:1)
  3 trolls (D:9)
  3 blink frogs (Lair:1)
  A minotaur skeleton (Lab)
  A raiju (Abyss:1)
  3 large abominations (Abyss:1)
  An air elemental (Abyss:1)
  A ynoxinul (Abyss:1)
  A redback (Lab)
  9 yaks
  A hungry ghost (D:10)
  3 basilisks
  2 hippogriffs
  3 small abominations (Abyss:1)
  An insubstantial wisp (Abyss:1)
  8 water moccasins
  2 porcupines (Lair:1)
  4 orc warriors
  3 ice beasts
  3 sky beasts
  3 phantoms
  5 ogres
  9 wolves
  2 centaurs
  2 big kobolds (D:9)
  A gnoll sergeant (D:8)
  7 giant frogs
  4 scorpions
  5 wights (D:9)
  A spriggan skeleton (Lab)
  5 howler monkeys
  3 crimson imps
  A quasit (Abyss:1)
  4 giant frog zombies
  5 hounds (D:9)
  3 jellies
  5 orc priests
  A giant frog skeleton (D:9)
  3 iguanas
  12 orc wizards
  Ijyb (D:3)
  9 worker ants
  A hound skeleton (D:6)
  2 worker ant zombies
  A howler monkey zombie (D:8)
  Robin (D:4)
  A howler monkey skeleton (D:4)
  3 gnolls (D:8)
  7 adders
  10 river rats (Lair:1)
  A shadow imp (D:6)
  An ooze (D:5)
  An adder zombie (D:5)
  5 worms
  4 dart slugs
  7 giant geckos
  46 orcs
  2 giant cockroaches
  15 goblins
  8 hobgoblins
  19 jackals
  3 ball pythons
  7 bats
  A giant cockroach zombie (D:6)
  A giant gecko skeleton (D:4)
  6 giant newts
  7 kobolds
  A quokka skeleton (D:5)
  A quokka zombie (D:8)
  10 rats
  A starspawn tentacle (Abyss:1)
329 creatures vanquished.

Vanquished Creatures (others)
  3 starspawn tentacles (Abyss:1)
3 creatures vanquished.

Grand Total: 332 creatures vanquished

Notes
Turn   | Place    | Note
-------+----------+-------------------------------------------
     0 | D:1      | Duffy the Formicid Chaos Knight began the quest for the Orb.
     0 | D:1      | Reached XP level 1. HP: 18/18 MP: 1/1
    68 | D:2      | XOM: harmless Pois miscast
   105 | D:2      | Reached XP level 2. HP: 21/24 MP: 2/2
   390 | D:1      | XOM: harmless Summ miscast
   460 | D:1      | Reached XP level 3. HP: 29/29 MP: 3/3
   574 | D:1      | XOM: harmless Fire miscast
   778 | D:1      | XOM: give mutations
   778 | D:1      | Gained mutation: You possess an exceptional clarity of mind. [Xom's mischief]
   778 | D:1      | Gained mutation: You are clumsy. (Dex -2) [Xom's mischief]
   778 | D:1      | Gained mutation: You are frail. (-10% HP) [Xom's mischief]
  1108 | D:2      | XOM: give mutations
  1108 | D:2      | Gained mutation: Scrolls take you a little longer to read. [Xom's mischief]
  1108 | D:2      | Gained mutation: Scrolls take you longer to read. [Xom's mischief]
  1108 | D:2      | Gained mutation: Your body sometimes deteriorates upon taking damage. [Xom's mischief]
  1108 | D:2      | Gained mutation: Scrolls take you much longer to read. [Xom's mischief]
  1381 | D:2      | Reached XP level 4. HP: 31/31 MP: 4/4
  1785 | D:2      | XOM is BORED!
  1785 | D:2      | XOM: stat loss: -3 Dex (5/8)
  1940 | D:3      | XOM: smoke on damage
  1940 | D:3      | XOM: torment (17/32 hp)
  1952 | D:2      | XOM: give mutations
  1952 | D:2      | Gained mutation: You are partially covered in iridescent scales. (AC +2) [Xom's mischief]
  1952 | D:2      | Lost mutation: You possess an exceptional clarity of mind. [Xom's mischief]
  1953 | D:2      | Reached XP level 5. HP: 5/37 MP: 5/5
  2462 | D:3      | XOM: medium Fire miscast
  2619 | D:3      | XOM: summons 2 hostile demons
  2620 | D:3      | Noticed a neqoxec
  2624 | D:3      | Gained mutation: You are very clumsy. (Dex -4) [a neqoxec]
  2630 | D:3      | Gained mutation: You are weak. (Str -2) [a neqoxec]
  2634 | D:3      | You fall through a shaft for 2 floors!
  2634 | D:5      | Entered Level 5 of the Dungeon
  2647 | D:5      | XOM: enchant monster (bad)
  2866 | D:5      | XOM: mild Hex miscast
  2966 | D:5      | Reached XP level 6. HP: 34/43 MP: 6/6
  3122 | D:4      | Noticed an ogre
  3131 | D:4      | XOM: swap monsters
  3136 | D:4      | Killed an ogre
  3136 | D:4      | Reached skill level 5 in Armour
  3318 | D:4      | Got a slimy spear
  3319 | D:4      | Identified the +10 spear "Bentiry" {flame, *Drain +Blink Int+5 Dex+4} (You found it on level 4 of the Dungeon)
  3392 | D:4      | XOM: harmless Chrm miscast
  3394 | D:4      | XOM: swap monsters
  3504 | D:4      | Reached XP level 7. HP: 49/49 MP: 7/7
  3521 | D:4      | Got a twisted buckler
  3527 | D:4      | Identified the cursed +0 buckler of Aguul {rF- rCorr Stlth+} (You found it on level 4 of the Dungeon)
  3555 | D:4      | Noticed Robin
  3613 | D:5      | XOM: give mutations
  3613 | D:5      | Gained mutation: You are very frail. (-20% HP) [Xom's mischief]
  3613 | D:5      | Lost mutation: You are very clumsy. (Dex -4) [Xom's mischief]
  3613 | D:5      | Lost mutation: You are very frail. (-20% HP) [Xom's mischief]
  3677 | D:4      | Killed Robin
  3761 | D:5      | Reached skill level 5 in Fighting
  3966 | D:5      | XOM: draining
  4219 | D:6      | Reached XP level 8. HP: 56/56 MP: 8/8
  4472 | D:6      | Found a hazy altar of Hepliaklqana.
  4483 | D:6      | Reached skill level 1 in Shields
  4498 | D:6      | Found Aclebic's Food Boutique.
  4538 | D:6      | XOM: summons 4 hostile demons
  4539 | D:6      | Noticed a rust devil
  4539 | D:6      | Noticed a rust devil
  4624 | D:5      | XOM: summons 4 hostile demons
  4625 | D:5      | Noticed a hellwing
  4625 | D:5      | Noticed an orange demon
  4720 | D:6      | Found a staircase to the Ecumenical Temple.
  4722 | D:6      | XOM is BORED!
  4722 | D:6      | XOM: medium Divn miscast
  4801 | Temple   | Entered the Ecumenical Temple
  4817 | Temple   | XOM: cloud trail
  4876 | Temple   | XOM: medium Pois miscast
  4907 | Temple   | Fell from the grace of Xom
  4907 | Temple   | Became a worshipper of Cheibriados the Contemplative
  5128 | D:6      | XOM: give mutations
  5128 | D:6      | Gained mutation: You are dopey. (Int -2) [Xom's mischief]
  5128 | D:6      | Lost mutation: Your body sometimes deteriorates upon taking damage. [Xom's mischief]
  5147 | D:6      | XOM: severe Erth miscast
  5735 | D:4      | Reached * piety under Cheibriados
  5922 | D:4      | XOM: noise
  6015 | D:3      | Noticed Ijyb
  6024 | D:3      | Killed Ijyb
  6324 | D:3      | XOM: summons 3 hostile shadow creatures
  6560 | D:4      | Reached XP level 9. HP: 62/62 MP: 9/9
  6868 | D:7      | Noticed bullock's ghost (novice DsWn)
  6881 | D:7      | Killed bullock's ghost
  6881 | D:7      | Reached ** piety under Cheibriados
  6958 | D:7      | XOM: summons 1 hostile demon
  6988 | D:7      | XOM: noise
  7100 | D:7      | Reached skill level 10 in Armour
  7111 | D:7      | Gained mutation: You have sharp toenails. [mutagenic meat]
  7185 | D:7      | XOM: medium Hex miscast
  7203 | D:7      | XOM: scenery: create altars
  7227 | D:7      | Gained mutation: You have an increased reservoir of magic. (+10% MP) [mutagenic meat]
  7233 | D:7      | Lost mutation: You have an increased reservoir of magic. (+10% MP) [mutagenic meat]
  7236 | D:7      | Gained mutation: You are very dopey. (Int -4) [mutagenic meat]
  7469 | D:7      | XOM: mild Summ miscast
  7748 | D:7      | XOM: mild Conj miscast
  7825 | D:7      | XOM: mild Conj miscast
  7974 | D:8      | Reached skill level 1 in Dodging
  8038 | D:8      | Reached *** piety under Cheibriados
  8038 | D:8      | Reached XP level 10. HP: 69/72 MP: 10/10
  8222 | D:8      | Reached skill level 1 in Invocations
  8266 | D:8      | Lost mutation: You are weak. (Str -2) [potion of mutation]
  8266 | D:8      | Lost mutation: You are frail. (-10% HP) [potion of mutation]
  8268 | D:8      | Gained mutation: Your muscles are strong. (Str +2) [potion of mutation]
  8268 | D:8      | Gained mutation: You have a beak for a mouth. [potion of mutation]
  8268 | D:8      | Gained mutation: You are frail. (-10% HP) [potion of mutation]
  8400 | D:8      | Reached **** piety under Cheibriados
  8447 | D:8      | XOM: silly message
  8498 | D:8      | Found an oddly glowing altar of Pakellas.
  9063 | D:9      | XOM: noise
  9069 | D:9      | Reached ***** piety under Cheibriados
  9134 | D:9      | Found a staircase to the Orcish Mines.
  9161 | D:9      | Found a bloodstained altar of Trog.
  9180 | D:9      | Reached skill level 5 in Invocations
  9210 | D:9      | XOM: give mutation
  9210 | D:9      | Gained mutation: Your magical capacity is low. (-10% MP) [Xom's mischief]
  9230 | D:9      | Reached XP level 11. HP: 81/81 MP: 13/13
  9293 | D:9      | Learned a level 3 spell: Regeneration
  9297 | D:9      | Learned a level 3 spell: Spectral Weapon
  9344 | D:9      | Reached skill level 10 in Fighting
  9344 | D:9      | Reached skill level 5 in Dodging
  9428 | D:9      | XOM: medium Ice miscast
  9591 | D:9      | Found a staircase to the Lair.
  9858 | D:9      | XOM: summons 3 hostile shadow creatures
  9859 | D:9      | Noticed a purple ugly thing
 10014 | D:10     | Entered Level 10 of the Dungeon
 10257 | D:10     | Noticed a hill giant
 10265 | D:10     | Killed a hill giant
 10403 | D:10     | Reached ****** piety under Cheibriados
 10555 | Lair:1   | Entered Level 1 of the Lair of Beasts
 10674 | Lair:1   | XOM: summons 2 hostile demons
 10721 | Lair:1   | Found a labyrinth entrance.
 10739 | Lab      | Entered a labyrinth
 10873 | Lab      | XOM: summons 6 hostile demons
 11107 | Lab      | Noticed a minotaur
 11115 | Lab      | Killed a minotaur
 11321 | Lab      | XOM: give mutations
 11321 | Lab      | Lost mutation: Your magical capacity is low. (-10% MP) [Xom's mischief]
 11321 | Lab      | Lost mutation: Scrolls take you much longer to read. [Xom's mischief]
 11321 | Lab      | Lost mutation: You are frail. (-10% HP) [Xom's mischief]
 11321 | Lab      | Gained mutation: Your body sometimes deteriorates upon taking damage. [Xom's mischief]
 11378 | Lair:1   | Learned a level 1 spell: Apportation
 11439 | Lair:1   | Reached XP level 12. HP: 98/98 MP: 18/18
 11905 | Lair:1   | XOM: medium Conj miscast
 12124 | Orc:1    | Entered Level 1 of the Orcish Mines
 12220 | Orc:1    | Noticed Erolcha
 12228 | Orc:1    | Cast into level 1 of the Abyss (Erolcha)
 12228 | Abyss:1  | Found a corrupted altar of Lugonu.
 12280 | Abyss:1  | Found a corrupted altar of Lugonu.
 12283 | Abyss:1  | Noticed a black draconian
 12299 | Abyss:1  | Killed a black draconian
 12544 | Abyss:1  | Noticed a tentacled starspawn
 12556 | Abyss:1  | Killed a tentacled starspawn
 12853 | Abyss:1  | Noticed a large abomination
 12907 | Abyss:1  | Killed a large abomination
 12920 | Abyss:1  | Reached skill level 5 in Evocations
 12936 | Abyss:1  | Noticed a balrug
 12944 | Abyss:1  | Killed from afar by a balrug

Vault maps used:
D:1:      noname_arrival_rooms_in_the_neighbourhood
D:2:      minmay_misc_feat_nine_boxes
D:3:      uniq_iyjb
D:4:      dk_noncrumbling_3, guppyfry_early_orc_mine, uniq_robin
D:5:      first_bread, minmay_misc_feat_square
D:6:      kennysheep_mini, serial_shops, nicolae_shop_trees
D:8:      grunt_pakellas_basics
D:9:      erik_lair_island, orc_0_dummy, basic_altar, minmay_misc_feat_alley
Temple:   kilobyte_greek_temple
Lair:1:   lab_entry_generic
Orc:1:    serial_shops, shop_scrolls, uniq_erolcha
Lab:      labyrinth_watery, nicolae_lab_starburst, labyrinth_glass_1,
          nicolae_lab_grate, nicolae_lab_flowing_pool

Skill      XL: |  1  2  3  4  5  6  7  8  9 10 11 12 |
---------------+-------------------------------------+-----
Axes           | 4 |  4.4
Armour         | 3 4 5 7 8 10 | 10.5
Fighting       | 4 5 6 8 9 10 | 10.5
Shields        | 4 6 9 |  9.5
Dodging        | 2 4 7 8 |  8.9
Invocations    | 5 9 |  9.0
Evocations     | 5 |  5.0

Action                   |  1- 3 |  4- 6 |  7- 9 | 10-12 || total
-------------------------+-------+-------+-------+-------++-------
Melee: Hand axe          |    98 |    22 |       |       ||   120
       Dagger            |       |   113 |       |       ||   113
       Spear             |       |     9 |   338 |   506 ||   853
       Kick              |       |       |    15 |    90 ||   105
       Peck              |       |       |       |   142 ||   142
Invok: Slouch            |       |       |       |     7 ||     7
       Temporal Distorti |       |       |       |     2 ||     2
 Abil: Dig               |     3 |     2 |    12 |    24 ||    41
       Shaft Self        |       |     1 |       |       ||     1
  Use: Scroll            |     2 |     2 |    10 |     9 ||    23
       Potion            |       |       |     1 |     6 ||     7
 Stab: Paralysed         |     1 |       |       |       ||     1
       Petrifying        |     1 |       |       |       ||     1
       Confused          |       |     1 |       |       ||     1
  Eat: Chunk             |     2 |     4 |    16 |     8 ||    30
       Pizza             |       |     2 |       |     2 ||     4
       Meat ration       |       |       |     1 |     2 ||     3
       Fruit             |       |       |     2 |       ||     2
Armor: Leather armour    |     8 |       |       |       ||     8
       Chain mail        |    44 |    56 |       |       ||   100
       Plate armour      |       |    18 |   127 |   138 ||   283
Dodge: Dodged            |    40 |    34 |    62 |   157 ||   293
Block: Buckler           |       |       |    48 |    72 ||   120
       Shield            |       |       |       |   115 ||   115
